[Event "Titled Tuesday Blitz April 18 Early 2023"]
[White "Krasteva, Beloslava"]
[Black "Sai Han Thiha"]
[WhiteFideId "2922029"]
[BlackFideId "13012290"]
[WhiteElo "2187"]
[BlackElo "1954"]
[Result "0-1"]
[Round "03"]
[TimeControl "180+2"]
[Date "2023.04.18"]
[WhiteClock "0:00:01"]
[BlackClock "0:00:06"]

1. d4 Nf6 2. Nf3 e6 3. Bf4 c5 4. e3 Be7 5. Bd3 cxd4 6. exd4 b6 7. O-O Bb7 8. Nbd2 O-O 9. c3 d6 10. Re1 Nh5 11. Be3 Nd7 12. Ne5 Nxe5 13. dxe5 dxe5 14. Bxh7+ Kxh7 15. Qxh5+ Kg8 16. Rad1 Qc7 17. Nf3 Bxf3 18. Qxf3 f5 19. Qh3 Rad8 20. Qh5 Qc4 21. Bg5 Bxg5 22. Qxg5 Rd5 23. Qe7 Qc6 24. b3 e4 25. c4 Rxd1 26. Rxd1 e3 27. fxe3 Qc5 28. Qxc5 bxc5 29. Rd6 Re8 30. Rc6 Kf7 31. Rxc5 Rd8 32. Rc7+ Kf6 33. Rxa7 Ke5 34. Rxg7 Ke4 35. Re7 e5 36. Kf2 Rd2+ 37. Kg3 Rxa2 38. c5 Rb2 39. Rb7 Re2 40. c6 Rxe3+ 41. Kf2 Rc3 42. c7 Rc2+ 0-1


[Site "https://www.chess.com"]

[Event "Titled Tuesday Blitz April 18 Early 2023"]
[White "Rodchenkov, Sergey D."]
[Black "Ruge, Edison"]
[WhiteFideId "4168712"]
[BlackFideId "4401000"]
[WhiteElo "2277"]
[BlackElo "2175"]
[Result "1-0"]
[Round "03"]
[TimeControl "180+2"]
[Date "2023.04.18"]
[WhiteClock "0:00:30"]
[BlackClock "0:00:24"]

1. e4 e5 2. Nf3 Nc6 3. Bc4 Be7 4. O-O Nf6 5. d3 d6 6. Nc3 O-O 7. a4 Kh8 8. a5 a6 9. Nd5 Nxd5 10. exd5 Nb8 11. b4 f5 12. Bb2 Qe8 13. Nd2 f4 14. Ne4 Qg6 15. Kh1 Nd7 16. f3 Nf6 17. Qe2 Nh5 18. d4 Bf6 19. dxe5 Bxe5 20. Bxe5 dxe5 21. Qf2 Bf5 22. Qh4 Nf6 23. Nxf6 Qxf6 24. Qxf6 gxf6 25. Bb3 Rfd8 26. Rad1 Kg7 27. c4 Kf8 28. c5 Ke7 29. g3 fxg3 30. hxg3 h5 31. Kg2 Rg8 32. d6+ cxd6 33. cxd6+ Kd7 34. Bxg8 Rxg8 35. Rh1 Bg6 36. Rc1 Kxd6 37. Rhd1+ Ke6 38. Rc7 Rb8 39. Rdd7 Kf5 40. Rg7 Rd8 41. Rxb7 Rd2+ 42. Kh3 Rd3 43. b5 Rxf3 44. bxa6 Ra3 45. a7 Rxa5 46. Rb8 h4 47. a8=Q 1-0


[Site "https://www.chess.com"]

[Event "Titled Tuesday Blitz April 18 Early 2023"]
[White "Larina, Maria"]
[Black "Jaskolka, Tomasz"]
[WhiteFideId "24113182"]
[BlackFideId "1170791"]
[WhiteElo "1848"]
[BlackElo "2155"]
[Result "0-1"]
[Round "03"]
[TimeControl "180+2"]
[Date "2023.04.18"]
[WhiteClock "0:00:01"]
[BlackClock "0:00:22"]

1. e4 c5 2. Nc3 Nc6 3. g3 e6 4. Bg2 a6 5. Nge2 Qc7 6. d4 cxd4 7. Nxd4 b5 8. O-O Bb7 9. Re1 Nf6 10. Nd5 Nxd5 11. exd5 Nxd4 12. Qxd4 O-O-O 13. Bf4 Bd6 14. dxe6 dxe6 15. Bxb7+ Kxb7 16. Bxd6 Rxd6 17. Qxg7 Rhd8 18. a4 b4 19. c3 Rd2 20. cxb4 R8d7 21. b5 axb5 22. axb5 Qb6 23. Qf6 Qxb5 24. Qf3+ Qd5 25. Qe3 Qd4 26. Qb3+ Qb6 27. Qf3+ R2d5 28. Rec1 Kb8 29. b4 Qb7 30. Qe2 e5 31. Qe3 f6 32. h4 Rd3 0-1


[Site "https://www.chess.com"]

[Event "Titled Tuesday Blitz April 18 Early 2023"]
[White "Manukyan, Artyom"]
[Black "Torres Hernandez, Leslie Carolin"]
[WhiteFideId "13305786"]
[BlackFideId "8400504"]
[WhiteElo "2078"]
[BlackElo "1920"]
[Result "0-1"]
[Round "03"]
[TimeControl "180+2"]
[Date "2023.04.18"]
[WhiteClock "0:00:42"]
[BlackClock "0:00:30"]

1. e4 e6 2. d4 d5 3. Bd3 dxe4 4. Bxe4 Nf6 5. Bf3 c5 6. Ne2 Be7 7. O-O O-O 8. Nbc3 Nbd7 9. d5 exd5 10. Nxd5 Nxd5 11. Qxd5 Nf6 12. Qxd8 Rxd8 13. Be3 Bf5 14. c3 Nd5 15. Bc1 Bc2 16. Re1 Bf8 17. Nf4 Nxf4 18. Bxf4 Rd7 19. Rac1 Bd3 20. Rcd1 Rad8 21. h4 c4 22. Bg4 f5 23. Bf3 h6 24. h5 Bc5 25. g3 Bc2 26. Rxd7 Rxd7 27. Re5 Bb6 28. Bd5+ Kh7 29. Bxc4 Rd1+ 30. Kg2 Be4+ 31. f3 Rg1+ 32. Kh3 Bxf3 33. g4 fxg4+ 34. Kh2 Rh1+ 35. Kg3 Rh3# 0-1


[Site "https://www.chess.com"]

[Event "Titled Tuesday Blitz April 18 Early 2023"]
[White "Antonova, Nadezhda"]
[Black "Namitbir Singh Walia"]
[WhiteFideId "14700182"]
[BlackFideId "35071068"]
[WhiteElo "1765"]
[BlackElo "2239"]
[Result "1-0"]
[Round "03"]
[TimeControl "180+2"]
[Date "2023.04.18"]
[WhiteClock "0:00:13"]
[BlackClock "0:00:03"]

1. Nf3 Nf6 2. b3 g6 3. Bb2 Bg7 4. g3 O-O 5. Bg2 d6 6. d4 e5 7. dxe5 Ng4 8. O-O Nxe5 9. Nxe5 dxe5 10. c4 c6 11. Nc3 Qe7 12. Qc2 Bg4 13. h3 Be6 14. Rfd1 Nd7 15. Rd2 Rfd8 16. Rad1 Nf8 17. Ne4 f5 18. Nd6 Rd7 19. c5 Rad8 20. Bc3 Kh8 21. b4 Bg8 22. Qb2 h6 23. a4 Kh7 24. b5 Rc7 25. b6 axb6 26. Qxb6 Rcd7 27. Nxb7 Rxd2 28. Rxd2 Rxd2 29. Bxd2 Qd7 30. Nd6 e4 31. a5 Bd4 32. a6 Ne6 33. Qb7 Nxc5 34. Qxd7+ Nxd7 35. Be3 Bxe3 36. fxe3 Bc4 37. a7 Nb6 38. Nxc4 Nxc4 39. a8=Q 1-0


[Site "https://www.chess.com"]

[Event "Titled Tuesday Blitz April 18 Early 2023"]
[White "Berthier, Hugo"]
[Black "Floresvillar Gonzalez, Luis Migu"]
[WhiteFideId "655864"]
[BlackFideId "5100542"]
[WhiteElo "2193"]
[BlackElo "2040"]
[Result "0-1"]
[Round "03"]
[TimeControl "180+2"]
[Date "2023.04.18"]
[WhiteClock "0:00:56"]
[BlackClock "0:00:20"]

1. d4 d5 2. c4 c6 3. Nf3 Nf6 4. e3 Bf5 5. cxd5 Nxd5 6. Qb3 Qb6 7. Nc3 Qxb3 8. axb3 e6 9. Nxd5 exd5 10. Bd2 a6 11. Ne5 Nd7 12. Nd3 Bd6 13. b4 Ke7 14. Nc5 Rab8 15. Be2 f6 16. h3 Rhd8 17. O-O g5 18. Rfc1 Bg6 19. Bc3 h5 20. g4 hxg4 21. hxg4 Rh8 22. Bf3 Rh7 23. Kf1 Bxc5 24. bxc5 Bd3+ 25. Ke1 Rbh8 26. Kd2 Bb5 27. Rh1 Nf8 28. Ba5 Ng6 29. Bc7 Nh4 30. Bd1 Ke6 31. Bg3 Ng6 32. Bf3 Rxh1 33. Rxh1 Rxh1 34. Bxh1 Nf8 35. Kc3 Nd7 36. Bf3 f5 37. gxf5+ Kxf5 38. Bh5 Nf6 39. Bf7 Ne4+ 40. Kb4 Nxg3 41. fxg3 Kg4 42. Be6+ Kxg3 43. Bc8 g4 44. Bxb7 Kf3 45. Ka5 g3 46. Kb6 g2 47. Bxc6 Bxc6 48. Kxc6 g1=Q 49. Kxd5 Qb1 50. Kc6 Qxb2 51. d5 Qb5+ 52. Kd6 Ke4 53. c6 Qxd5+ 54. Kc7 a5 55. Kb6 a4 56. c7 Qd6+ 57. Kb7 Qxc7+ 58. Kxc7 a3 0-1


[Site "https://www.chess.com"]

[Event "Titled Tuesday Blitz April 18 Early 2023"]
[White "Kuchava, Ana"]
[Black "Saya, Ethan"]
[WhiteFideId "13605348"]
[BlackFideId "26095181"]
[WhiteElo "2001"]
[BlackElo "2189"]
[Result "1-0"]
[Round "03"]
[TimeControl "180+2"]
[Date "2023.04.18"]
[WhiteClock "0:00:37"]
[BlackClock "0:01:36"]

1. d4 Nf6 2. Nf3 e6 3. c4 d5 4. Nc3 c6 5. e3 Nbd7 6. Bd3 Bd6 7. O-O O-O 8. e4 dxe4 9. Nxe4 Nxe4 10. Bxe4 Nf6 11. Bc2 c5 12. Be3 cxd4 13. Nxd4 a6 14. Qd2 Qe7 15. Rad1 Bb4 16. Qe2 Bd7 17. a3 Bc5 18. b4 Bxd4 19. Bxd4 Bc6 20. Bc5 Qc7 21. Bxf8 Rxf8 22. Qd3 Qf4 23. Qd4 Qg5 24. f3 Rc8 25. Be4 Nxe4 26. fxe4 h5 27. c5 h4 28. Rf3 Qg4 29. Re1 f5 30. h3 Qg5 31. Qe3 Qxe3+ 32. Rfxe3 Bxe4 33. Rd1 Rc7 34. Kf2 Kf7 35. Rxe4 fxe4 36. Ke3 b6 37. cxb6 Rb7 38. Rd6 Ke7 39. Rc6 Kd7 40. Rc7+ Rxc7 41. bxc7 Kxc7 42. a4 Kd6 43. Kxe4 Ke7 44. Ke5 Kd7 45. b5 axb5 46. axb5 Ke7 47. b6 Kd7 48. b7 Kc7 49. Kxe6 Kxb7 50. Kf7 Kc6 51. Kxg7 Kd5 52. Kg6 Ke4 53. Kg5 Ke5 54. Kxh4 Kf6 55. Kg4 Kg7 56. h4 Kh7 57. Kg5 Kg7 58. h5 Kh7 59. h6 Kh8 60. Kg6 Kg8 61. g4 Kh8 62. g5 Kg8 63. h7+ Kh8 64. Kf7 Kxh7 65. g6+ Kh6 66. g7 Kg5 67. g8=Q+ Kf4 68. Qg6 Ke5 69. Qe6+ Kd4 70. Qf5 Kc4 71. Qe5 Kb4 72. Qd5 Kc3 73. Qe4 Kb3 74. Qd4 Ka3 75. Qc4 Kb2 76. Qd3 Kc1 77. Qe2 Kb1 78. Qd2 Ka1 79. Ke6 Kb1 80. Kd5 Ka1 81. Kc4 Kb1 82. Kb3 Ka1 83. Qb2# 1-0


[Site "https://www.chess.com"]

[Event "Titled Tuesday Blitz April 18 Early 2023"]
[White "Fernandez Hernandez, Gerardo"]
[Black "Palczert, Matyas"]
[WhiteFideId "2207400"]
[BlackFideId "784958"]
[WhiteElo "2197"]
[BlackElo "2224"]
[Result "0-1"]
[Round "03"]
[TimeControl "180+2"]
[Date "2023.04.18"]
[WhiteClock "0:01:50"]
[BlackClock "0:02:22"]

1. e4 c5 2. d3 Nc6 3. g4 d5 4. Nd2 dxe4 5. Nxe4 Nf6 6. Nxf6+ exf6 7. Bg2 Bd6 8. Qe2+ Be6 9. Bxc6+ bxc6 10. Nf3 O-O 11. g5 Re8 12. gxf6 Bg4 13. Be3 Qxf6 0-1


[Site "https://www.chess.com"]

[Event "Titled Tuesday Blitz April 18 Early 2023"]
[White "Aanna12"]
[Black "Sargissyan, Sargis"]
[BlackFideId "13303210"]
[WhiteElo "2194"]
[BlackElo "2109"]
[Result "0-1"]
[Round "03"]
[TimeControl "180+2"]
[Date "2023.04.18"]
[WhiteClock "0:00:43"]
[BlackClock "0:00:16"]

1. e4 c5 2. Nc3 Nc6 3. Bb5 Nd4 4. Nf3 g6 5. Nxd4 cxd4 6. Ne2 Bg7 7. c3 Nf6 8. Bd3 dxc3 9. dxc3 O-O 10. O-O d5 11. Ng3 Bg4 12. Qb3 dxe4 13. Bc4 Qc7 14. h3 Bd7 15. Re1 Rac8 16. Bf1 Bc6 17. Bg5 Bd5 18. Qc2 h6 19. Bxf6 exf6 20. Nxe4 f5 21. Nd2 f4 22. c4 f3 23. g3 Bc6 24. Rad1 Qb6 25. b3 Rfe8 26. Ne4 Bd4 27. Nd6 Rxe1 28. Nxc8 Bxf2+ 29. Kh2 Rxd1 30. Nxb6 Rxf1 31. Nd5 Bg1+ 32. Kh1 Bd4+ 33. Kh2 f2 34. Qe2 Re1 0-1


[Site "https://www.chess.com"]

[Event "Titled Tuesday Blitz April 18 Early 2023"]
[White "Kopczynski, Michal"]
[Black "Ciuffoletti, Paolo"]
[WhiteFideId "1124200"]
[BlackFideId "807630"]
[WhiteElo "2212"]
[BlackElo "2143"]
[Result "0-1"]
[Round "03"]
[TimeControl "180+2"]
[Date "2023.04.18"]
[WhiteClock "0:00:01"]
[BlackClock "0:00:03"]

1. e4 c5 2. d4 cxd4 3. c3 d5 4. exd5 Qxd5 5. cxd4 Nc6 6. Nf3 e6 7. Be2 Nf6 8. Nc3 Qd8 9. O-O Be7 10. Bg5 O-O 11. Rc1 b6 12. Bd3 Bb7 13. Bb1 Nd5 14. Qd3 g6 15. Bh6 Re8 16. a3 Bf6 17. Ne4 Bg7 18. Bxg7 Kxg7 19. Qd2 Nce7 20. Ne5 Nf5 21. Ng3 Qe7 22. Nxf5+ gxf5 23. Rfe1 Rac8 24. Rxc8 Rxc8 25. Nf3 Qf6 26. h4 Kh8 27. Qg5 Qxg5 28. Nxg5 Kg7 29. Nf3 Nf4 30. Ne5 Nxg2 31. Rd1 Nf4 32. Kh2 Kf6 33. Re1 Rg8 34. f3 Rg2+ 35. Kh1 Rxb2 36. Nd7+ Ke7 37. Ne5 Nh5 38. Rg1 f6 39. Be4 fxe4 40. Nc4 Rc2 41. Ne3 Rc3 42. Ng4 exf3 0-1


[Site "https://www.chess.com"]

[Event "Titled Tuesday Blitz April 18 Early 2023"]
[White "Orujov2008"]
[Black "Thiel, Thomas"]
[BlackFideId "4615964"]
[WhiteElo "2424"]
[BlackElo "2173"]
[Result "1-0"]
[Round "03"]
[TimeControl "180+2"]
[Date "2023.04.18"]
[WhiteClock "0:01:08"]
[BlackClock "0:01:07"]

1. e4 d5 2. exd5 Nf6 3. d4 Nxd5 4. c4 Nb6 5. Nf3 g6 6. c5 Nd5 7. Nc3 Bg7 8. Bc4 Nxc3 9. bxc3 O-O 10. O-O Nc6 11. Re1 Bg4 12. h3 Bxf3 13. Qxf3 Nxd4 14. cxd4 Qxd4 15. Bf4 Qxc4 16. Rac1 Qa6 17. Rxe7 c6 18. Rd1 Rae8 19. Rc7 Be5 20. Bxe5 Rxe5 21. Rd8 Qxa2 22. Rxf8+ Kxf8 23. Qf6 Qa1+ 24. Kh2 1-0


[Site "https://www.chess.com"]

[Event "Titled Tuesday Blitz April 18 Early 2023"]
[White "Sailer, Mike"]
[Black "Davidson, Kevin"]
[WhiteFideId "2012901"]
[BlackFideId "2056810"]
[WhiteElo "2109"]
[BlackElo "2151"]
[Result "1-0"]
[Round "03"]
[TimeControl "180+2"]
[Date "2023.04.18"]
[WhiteClock "0:00:07"]
[BlackClock "0:00:01"]

1. d4 Nf6 2. Bg5 Ne4 3. Bf4 g5 4. Bc1 g4 5. Qd3 d5 6. Bf4 Bg7 7. e3 c5 8. c4 Bf5 9. cxd5 cxd4 10. Qb5+ Nd7 11. Bd3 a6 12. Qxb7 O-O 13. Ne2 dxe3 14. fxe3 Ndc5 15. Bxe4 Nxb7 16. Bxf5 Bxb2 17. O-O Bxa1 18. Bxg4 Bg7 19. Nd2 Qxd5 20. Nb3 e5 21. Bf3 e4 22. Bg4 a5 23. Rc1 a4 24. Nbd4 Qxa2 25. Nf5 Bb2 26. Rc7 Qb3 27. Ned4 Qd5 28. Ne7+ Kh8 29. Nxd5 Rfb8 30. Be5+ Kg8 31. Nf6+ Kf8 32. Nxh7+ Ke8 33. Bf6 a3 34. Bd7# 1-0


[Site "https://www.chess.com"]

[Event "Titled Tuesday Blitz April 18 Early 2023"]
[White "Yeritsyan, Hayk"]
[Black "Kiseljova, Marya"]
[WhiteFideId "13307320"]
[BlackFideId "4155009"]
[WhiteElo "2402"]
[BlackElo "1851"]
[Result "1/2-1/2"]
[Round "03"]
[TimeControl "180+2"]
[Date "2023.04.18"]
[WhiteClock "0:00:16"]
[BlackClock "0:01:18"]

1. d4 Nf6 2. Nf3 e6 3. e3 d5 4. Bd3 Be7 5. Ne5 O-O 6. Nd2 c5 7. c3 Nc6 8. f4 Rb8 9. Qf3 Nd7 10. O-O f6 11. Bxh7+ Kxh7 12. Qh3+ Kg8 13. Qxe6+ Kh7 14. Rf3 Ndxe5 15. Rh3+ Kg6 16. Rg3+ Kh7 17. Rh3+ Kg6 18. Rg3+ Kh7 19. Rh3+ 1/2-1/2


[Site "https://www.chess.com"]

[Event "Titled Tuesday Blitz April 18 Early 2023"]
[White "KorolDimitriy75"]
[Black "Vargas Rodriguez, Wilver"]
[BlackFideId "3509672"]
[WhiteElo "2401"]
[BlackElo "2224"]
[Result "1-0"]
[Round "03"]
[TimeControl "180+2"]
[Date "2023.04.18"]
[WhiteClock "0:00:16"]
[BlackClock "0:00:02"]

1. d4 Nf6 2. c4 e6 3. Nc3 Bb4 4. Qc2 O-O 5. e4 Bxc3+ 6. bxc3 Ne8 7. Bd3 f6 8. f4 c5 9. Nf3 b6 10. O-O d6 11. e5 f5 12. Ba3 Bb7 13. Rad1 Qe7 14. exd6 Nxd6 15. dxc5 bxc5 16. Bxc5 Nd7 17. Ba3 Bxf3 18. Rxf3 Nf6 19. Bxf5 exf5 20. Bxd6 Qe6 21. Bxf8 Rxf8 22. Qd3 Re8 23. h3 h6 24. Kh2 g6 25. Qd4 1-0


[Site "https://www.chess.com"]

[Event "Titled Tuesday Blitz April 18 Early 2023"]
[White "Mazurkiewicz, Michal"]
[Black "Wimalasuriya, Kasun M."]
[WhiteFideId "1124943"]
[BlackFideId "9906789"]
[WhiteElo "2054"]
[BlackElo "2146"]
[Result "1/2-1/2"]
[Round "03"]
[TimeControl "180+2"]
[Date "2023.04.18"]
[WhiteClock "0:00:07"]
[BlackClock "0:01:44"]

1. e4 c5 2. Nf3 g6 3. g3 Nc6 4. Bg2 Bg7 5. O-O d6 6. d3 Nf6 7. Re1 O-O 8. e5 Nd5 9. exd6 exd6 10. c3 Bg4 11. h3 Be6 12. Nbd2 h6 13. Nc4 b5 14. Ne3 Nxe3 15. Bxe3 Rc8 16. Qd2 Kh7 17. d4 cxd4 18. Nxd4 Nxd4 19. Bxd4 a5 20. Rad1 Bxa2 21. Bxg7 Kxg7 22. Qxd6 Qxd6 23. Rxd6 b4 24. cxb4 axb4 25. Rb6 Rb8 26. Ra6 Be6 27. Ra7 Kf6 28. Ra6 Rfd8 29. h4 Kg7 30. Ra7 Kf6 31. Re2 Rd4 32. Kh2 g5 33. Ra6 gxh4 34. Bh3 hxg3+ 35. fxg3 Re8 36. Rb6 h5 37. Rb5 h4 38. g4 Red8 39. g5+ Ke7 40. Rbe5 R8d6 41. g6 Rd2 42. g7 Rxe2+ 43. Rxe2 Rd8 44. Re4 Rg8 45. Rxb4 Rxg7 46. Rxh4 Bxh3 47. Rxh3 Rg5 48. Rb3 Rd5 49. Rb6 f5 50. Kg3 Kf7 51. Kf4 Ke7 52. b4 Kd7 53. Ke3 Kc7 54. Rf6 Rb5 55. Kd3 Rxb4 56. Rxf5 Rb6 57. Rf7+ Kc6 58. Rf6+ Kb5 59. Rxb6+ Kxb6 1/2-1/2


[Site "https://www.chess.com"]

[Event "Titled Tuesday Blitz April 18 Early 2023"]
[White "Stead, Kerry"]
[Black "Koutsin, Sergey"]
[WhiteFideId "3202577"]
[BlackFideId "14101483"]
[WhiteElo "1997"]
[BlackElo "2381"]
[Result "0-1"]
[Round "03"]
[TimeControl "180+2"]
[Date "2023.04.18"]
[WhiteClock "0:00:19"]
[BlackClock "0:00:49"]

1. d4 Nf6 2. f3 d5 3. e4 e6 4. Be3 dxe4 5. Nd2 exf3 6. Ngxf3 Be7 7. Bd3 b6 8. Qe2 Bb7 9. O-O h6 10. Nc4 Nc6 11. c3 Qd5 12. Rae1 O-O-O 13. Nfe5 Nxe5 14. Nxe5 Rhf8 15. c4 Qa5 16. a3 Kb8 17. Bd2 Qa4 18. Bc3 Bd6 19. Ng4 Nxg4 20. Qxg4 c5 21. dxc5 Bxc5+ 22. Kh1 Rxd3 23. Qxg7 Qd7 24. Qxh6 Rg8 25. Re2 Rxc3 26. bxc3 Qd3 27. Rfe1 Qxc3 28. Qf4+ Ka8 0-1


[Site "https://www.chess.com"]

[Event "Titled Tuesday Blitz April 18 Early 2023"]
[White "Barria Santos, Jose Guilherme"]
[Black "Petrova, Irina"]
[WhiteFideId "1939300"]
[BlackFideId "14124122"]
[WhiteElo "2266"]
[BlackElo "2084"]
[Result "0-1"]
[Round "03"]
[TimeControl "180+2"]
[Date "2023.04.18"]
[WhiteClock "0:00:32"]
[BlackClock "0:00:19"]

1. e4 d6 2. d4 Nf6 3. Nc3 e5 4. Nf3 Nbd7 5. Bc4 Be7 6. O-O c6 7. Re1 h6 8. h3 Qc7 9. Bb3 a5 10. a4 g5 11. Nh2 Nf8 12. dxe5 dxe5 13. Be3 Be6 14. Bxe6 Nxe6 15. Ng4 Nxg4 16. Qxg4 O-O-O 17. Qf5 Bb4 18. Red1 Bxc3 19. bxc3 Kb8 20. Rab1 Rxd1+ 21. Rxd1 Rd8 22. Rb1 Rd7 23. Bb6 Qd6 24. Bxa5 Nf4 25. Qh7 Qf8 26. Bb6 Ne2+ 27. Kh2 Nxc3 28. Rb3 Nxa4 29. Be3 Nc5 30. Rb2 Kc7 31. Qf5 Qd6 32. Ra2 Na6 33. g3 Qe6 34. Qh7 Qxa2 35. Qxh6 Qe6 36. Qxg5 Nb4 37. Qh4 Nxc2 38. Qh6 Nxe3 39. Qxe3 Qc4 0-1


[Site "https://www.chess.com"]

[Event "Titled Tuesday Blitz April 18 Early 2023"]
[White "Tarasova, Viktoriya"]
[Black "Tarnowska, Aleksandra"]
[WhiteFideId "4175840"]
[BlackFideId "1180967"]
[WhiteElo "2182"]
[BlackElo "1776"]
[Result "0-1"]
[Round "03"]
[TimeControl "180+2"]
[Date "2023.04.18"]
[WhiteClock "0:00:05"]
[BlackClock "0:00:05"]

1. d4 d5 2. c4 e6 3. Nc3 Nf6 4. cxd5 exd5 5. Bg5 Be7 6. Qc2 h6 7. Bh4 O-O 8. e3 c6 9. Bd3 Re8 10. Nge2 Ne4 11. Bxe7 Qxe7 12. Bxe4 dxe4 13. O-O Nd7 14. Ng3 Nf6 15. h3 Bd7 16. Rae1 Rad8 17. f3 exf3 18. Rxf3 Be6 19. Qf2 b5 20. a3 a5 21. e4 Bc4 22. e5 Nh7 23. Nge4 Ng5 24. Rg3 Nxe4 25. Nxe4 Bd5 26. Nf6+ Kh8 27. Qf4 Qe6 28. Ree3 b4 29. axb4 axb4 30. Rg4 g5 31. Qg3 Kg7 32. h4 Kf8 33. hxg5 hxg5 34. Rxg5 Ke7 35. Nxe8 Rxe8 36. Rg7 Kd7 37. Qg5 Ra8 38. Kh2 Ra2 39. Rg8 Kc7 40. Qd8+ Kb7 41. Qb8+ Ka6 42. Qa8+ Kb5 43. Qb7+ Kc4 44. b3+ Kxd4 45. Rh3 Qxe5+ 46. Rhg3 Qh5+ 47. Rh3 Qe5+ 48. Rhg3 Rxg2+ 49. Kh3 Qh5# 0-1


[Site "https://www.chess.com"]

[Event "Titled Tuesday Blitz April 18 Early 2023"]
[White "Manon-og, Ramon Jr."]
[Black "Fabris, Alberto"]
[WhiteFideId "5200776"]
[BlackFideId "801348"]
[WhiteElo "2385"]
[BlackElo "2118"]
[Result "1-0"]
[Round "03"]
[TimeControl "180+2"]
[Date "2023.04.18"]
[WhiteClock "0:00:22"]
[BlackClock "0:00:08"]

1. e4 c5 2. Nf3 d6 3. Bb5+ Nd7 4. a4 g6 5. c3 Bg7 6. O-O Nf6 7. Qe2 O-O 8. d3 b6 9. Bg5 Bb7 10. Nbd2 Qc7 11. Rfe1 e5 12. h3 Bc6 13. Bc4 a6 14. Bb3 b5 15. a5 Rae8 16. Qe3 d5 17. Rec1 c4 18. dxc4 dxc4 19. Bc2 Qd6 20. Rd1 Qc5 21. Nf1 Qxe3 22. Nxe3 h6 23. Rd6 Bxe4 24. Bxe4 Nxe4 25. Rxd7 Nxg5 26. Nxg5 hxg5 27. Rad1 f5 28. Nd5 e4 29. Nc7 Re5 30. Nxa6 f4 31. Nb4 f3 32. a6 e3 33. fxe3 f2+ 34. Kf1 Rxe3 35. a7 Ree8 36. Nc6 Ra8 37. Ne7+ Kh7 38. Nd5 Rad8 39. Rxd8 Rxd8 40. Nf6+ Bxf6 41. Rxd8 1-0


[Site "https://www.chess.com"]

[Event "Titled Tuesday Blitz April 18 Early 2023"]
[White "Osuna Vega, Enrique"]
[Black "LeoLV10"]
[WhiteFideId "2219549"]
[WhiteElo "2119"]
[BlackElo "2384"]
[Result "0-1"]
[Round "03"]
[TimeControl "180+2"]
[Date "2023.04.18"]
[WhiteClock "0:01:11"]
[BlackClock "0:00:33"]

1. e4 c6 2. Nf3 d5 3. Nc3 Bg4 4. h3 Bxf3 5. Qxf3 e6 6. d3 Nd7 7. g4 Bb4 8. Bd2 Ne7 9. Bg2 d4 10. Nb1 Qb6 11. O-O Bd6 12. b3 Ng6 13. a4 Qc7 14. Na3 Nh4 15. Qe2 Bf4 16. Nc4 g5 17. a5 h5 18. a6 b5 19. Na5 hxg4 20. Qxg4 Bxd2 0-1


[Site "https://www.chess.com"]

[Event "Titled Tuesday Blitz April 18 Early 2023"]
[White "Winkels, Marcel"]
[Black "Mika, Tomasz"]
[WhiteFideId "1003887"]
[BlackFideId "1132970"]
[WhiteElo "1900"]
[BlackElo "2179"]
[Result "0-1"]
[Round "03"]
[TimeControl "180+2"]
[Date "2023.04.18"]
[WhiteClock "0:00:01"]
[BlackClock "0:00:05"]

1. d4 d5 2. Nc3 Nf6 3. Bf4 a6 4. e3 Bf5 5. f3 e6 6. g4 Bg6 7. h4 h5 8. g5 Nfd7 9. Bd3 Bxd3 10. Qxd3 c5 11. O-O-O Nc6 12. Nge2 Qa5 13. Kb1 b5 14. e4 c4 15. Qe3 dxe4 16. Nxe4 Nb6 17. Nd6+ Bxd6 18. Bxd6 Nd5 19. Qe4 O-O-O 20. Bc5 Kb7 21. Nf4 g6 22. Nxd5 Rxd5 23. Qf4 Rd7 24. Rhe1 Rhd8 25. c3 Qc7 26. Qe4 Rd5 27. Kc2 Rf5 28. b3 cxb3+ 29. axb3 Qg3 30. Re3 Qf4 31. Qxf4 Rxf4 32. Rh1 Rd5 33. Kd3 Rdf5 34. Ke2 Rd5 35. Re4 Rff5 36. Ke3 Nd8 37. f4 Kc6 38. Re5 Nb7 39. Rxf5 exf5 40. Ba3 Nd8 41. Re1 Ne6 42. Kf3 a5 43. Bc1 b4 44. cxb4 axb4 45. Bb2 Kd6 46. Re5 Nxd4+ 47. Bxd4 Rxd4 48. Rb5 Rd3+ 49. Kf2 Rxb3 50. Rb6+ Ke7 51. Rb7+ Kf8 52. Ke2 Rh3 53. Kf2 b3 0-1


[Site "https://www.chess.com"]

[Event "Titled Tuesday Blitz April 18 Early 2023"]
[White "Flis, Pawel"]
[Black "Leve, Nitai"]
[WhiteFideId "1112864"]
[BlackFideId "2006898"]
[WhiteElo "1822"]
[BlackElo "2144"]
[Result "0-1"]
[Round "03"]
[TimeControl "180+2"]
[Date "2023.04.18"]
[WhiteClock "0:00:07"]
[BlackClock "0:00:13"]

1. e4 c6 2. d4 d5 3. Nc3 dxe4 4. Nxe4 Nf6 5. Nxf6+ exf6 6. Qh5 Qd5 7. Qxd5 cxd5 8. Bf4 Nc6 9. O-O-O Be6 10. Bb5 O-O-O 11. Ne2 Na5 12. Nc3 a6 13. Bd3 Bb4 14. Bd2 Bxc3 15. Bxc3 Nc4 16. b3 Nd6 17. Ba5 Rde8 18. Bb4 Kd7 19. Rhe1 Bf5 20. Bxd6 Bxd3 21. Rxe8 Rxe8 22. Rxd3 Kxd6 23. Kd2 g6 24. c4 f5 25. Re3 Re4 26. Kd3 Rh4 27. h3 f4 28. Re5 dxc4+ 29. bxc4 f5 30. Rd5+ Ke6 31. Re5+ Kd6 32. Rd5+ Ke6 33. Re5+ Kf6 34. Re8 f3 35. gxf3 Rxh3 36. Ke3 Rh1 37. Rf8+ Ke6 38. Rb8 Rb1 39. d5+ Kd6 40. Rh8 h5 41. Rh6 Rg1 42. Kd4 b6 43. a4 a5 44. Rh8 Rd1+ 45. Kc3 Ke5 46. Re8+ Kf4 47. Re3 h4 48. Re8 Kxf3 49. Rh8 g5 50. Kc2 Rd4 51. Kc3 Rd1 52. Kc2 Re1 53. d6 Re6 54. Rg8 h3 55. d7 Rd6 56. Rxg5 Rxd7 57. Kc3 h2 58. Rh5 Kg2 59. c5 h1=Q 60. Rxh1 Kxh1 61. cxb6 Rb7 62. Kc4 Rxb6 63. Kc5 Rb8 64. Kc6 Kg2 65. f4 Kg3 66. Kd6 Kxf4 67. Ke6 Ke4 68. Kf6 f4 69. Ke6 f3 70. Kd6 f2 71. Kc7 Rb2 72. Kc6 f1=Q 73. Kc7 Qc4+ 74. Kd7 Rb7+ 75. Kd6 Qd5# 0-1


[Site "https://www.chess.com"]

[Event "Titled Tuesday Blitz April 18 Early 2023"]
[White "Szyszylo, Rafal"]
[Black "Steenbekkers, Franck"]
[WhiteFideId "1109626"]
[BlackFideId "1004220"]
[WhiteElo "1951"]
[BlackElo "2093"]
[Result "1-0"]
[Round "03"]
[TimeControl "180+2"]
[Date "2023.04.18"]
[WhiteClock "0:00:57"]
[BlackClock "0:00:17"]

1. e4 c5 2. Ne2 Nc6 3. g3 g6 4. Bg2 Bg7 5. c3 e5 6. O-O Nge7 7. h3 d6 8. a4 h6 9. Na3 Be6 10. d4 cxd4 11. cxd4 Nxd4 12. Nxd4 exd4 13. Nb5 d5 14. Nxd4 O-O 15. Nxe6 fxe6 16. exd5 exd5 17. Qb3 b6 18. Bf4 Qd7 19. Rad1 Rad8 20. h4 Kh7 21. Rd2 Qg4 22. Re1 Nf5 23. Bf3 Qh3 24. Bg2 Qg4 25. f3 Qh5 26. Rxd5 Rxd5 27. Qxd5 Nxg3 28. Qxh5 Nxh5 29. Bd6 Rf7 30. Kf2 Bxb2 31. Re8 Bd4+ 32. Ke2 Nf6 33. Ra8 Rd7 34. Bb4 Nd5 35. Bd2 Bc3 36. Bc1 Re7+ 37. Kd3 Bb4 38. Bh3 Bc5 39. h5 Be3 40. Bb2 Nf4+ 41. Kc4 Nxh3 42. Rh8# 1-0


[Site "https://www.chess.com"]